 Dungeon Crawl Stone Soup version 0.25-a0-1024-gbfbf38f2cb (webtiles) character file.

Game seed: 1931044251079715698, levelgen mode: classic

1036 Amnesiac the Twirler (level 8, -3/46 HPs)
             Began as a Deep Elf Gladiator on May 12, 2020.
             Killed by nerve-wracking pain
             ... invoked by an orc priest
              (12 damage)
             ... on level 5 of the Dungeon.
             The game lasted 00:10:35 (5514 turns).

Amnesiac the Twirler (Deep Elf Gladiator)           Turns: 5514, Time: 00:10:36

Health: -3/46      AC: 11    Str: 13    XL:     8   Next: 4%
Magic:  12/12      EV: 12    Int: 14    God:
Gold:   92         SH:  0    Dex: 16    Spells: 7/7 levels left

rFire    . . .     SeeInvis .   b - +0 spear (venom)
rCold    . . .     Gourm    .   (no shield)
rNeg     . . .     Faith    .   g - +0 ring mail
rPois    .         Spirit   .   c - +0 helmet
rElec    .         Reflect  .   h - +0 cloak
rCorr    .         Harm     .   p - +1 pair of gloves
MR       .....                  t - +0 pair of boots
Stlth    +.........             (no amulet)
HPRegen  0.15/turn              (no ring)
MPRegen  0.13/turn              (no ring)

@: brilliant, very slightly contaminated, invisible
A: no striking features
a: no special abilities


You were on level 5 of the Dungeon.
You were not hungry.

You visited 1 branch of the dungeon, and saw 5 of its levels.

You collected 312 gold pieces.
You spent 220 gold pieces at shops.

Inventory:

Hand Weapons
 a - a +0 quarterstaff
 b - a +0 spear of venom (weapon)
Missiles
 j - 67 stones
 l - 7 poisoned darts
 v - 4 curare-tipped darts (quivered)
Armour
 c - a +0 helmet (worn)
 g - a +0 ring mail (worn)
 h - a +0 cloak (worn)
 p - a +1 pair of gloves (worn)
 t - a +0 pair of boots (worn)
Wands
 s - a wand of digging (7)
Scrolls
 d - a scroll of identify {!r}
 e - 5 scrolls of teleportation {!r, unknown}
 k - 2 scrolls of blinking {!r}
 m - 2 scrolls of amnesia {!r, unknown}
 n - 2 scrolls of noise {!r, unknown}
 o - 2 scrolls of remove curse {!r, unknown}
 q - 7 scrolls of enchant weapon {!r}
 r - a scroll of fog {!r, unknown}
 u - a scroll of enchant armour {!r}
 w - 2 scrolls of immolation {!r, unknown}
 x - 2 scrolls of magic mapping {!r, unknown}
 y - a scroll of fear {!r}
Comestibles
 f - 9 rations
 A - 8 chunks of flesh


   Skills:
 + Level 3.5 Fighting
 * Level 7.1 Staves
 - Level 2.0 Throwing
 + Level 3.5 Armour
 - Level 3.6 Dodging
 - Level 3.0 Evocations


You had 7 spell levels left.
You didn't know any spells.
Your spell library was empty.

Dungeon Overview and Level Annotations

Branches:
Dungeon (5/15)
 Temple: D:4-7

Altars:
Dithmenos
Elyvilon
Hepliaklqana
Nemelex Xobeh
Uskayaw
Xom
The Shining One

Shops:
D:5 *

Annotations:
D:4 3 runed translucent doors, tilp's ghost, novice KoAM


Message History

The white imp gestures at you. The puff of frost hits you.
Eustachio casts a spell.
The iron imp barely misses you. The bat barely misses you. The bat misses you.
The bat closely misses you.
The orc wizard casts a cantrip, but nothing happens.
The orc priest calls down the wrath of Beogh upon you.
Beogh smites you!
* * * LOW HITPOINT WARNING * * *
Eustachio hits you but does no damage. The rat bites you but does no damage.
The bat completely misses you. The bat misses you. The rat closely misses you.
Unknown command.
Really quaff
z - a dark potion {!q}?
It was a potion of brilliance {!q}.
You feel clever all of a sudden.
The bat closely misses you. x2; The bat barely misses you.
The rat misses you.
Really quaff
i - a potion of invisibility {!q}?
You fade into invisibility!
The bat closely misses you. The bat misses you.
The crimson imp hits you but does no damage.
Eustachio misses you. The rat bites you but does no damage.
You are very lightly contaminated with residual magic.
You closely miss Eustachio.
Eustachio is almost dead.
The bat hits you but does no damage. The crimson imp barely misses you.
The iron imp hits you!
* * * LOW HITPOINT WARNING * * *
The rat misses you.
Unknown command.
You kill Eustachio!
The white imp disappears in a puff of smoke!
The rat disappears in a puff of smoke!
The crimson imp disappears in a puff of smoke!
The iron imp disappears in a puff of smoke!
The bat disappears in a puff of smoke! x2
Your Staves skill increases to level 7!
You have reached level 8!
You feel clever.
Attack whom?
Press: ? - help, Dir - move target cursor, f - orc wizard
Aim: an orc wizard, wielding a +0 dagger and wearing a +0 robe (black smoke, heavily wounded)
You reach to attack!
You hit the orc wizard.
The orc wizard is poisoned.
The orc wizard is severely wounded.
Throwing (i - inventory. (/) - cycle)
v - 5 curare-tipped darts (quivered)
Press: ? - help, Shift-Dir - straight line, f/p - orc wizard
Aim: an orc wizard, wielding a +0 dagger and wearing a +0 robe (black smoke, severely wounded, very poisoned)
You throw a curare-tipped dart.
The curare-tipped dart hits the orc priest.
The orc priest is poisoned.
The orc priest convulses.
The orc priest seems to slow down.
The orc priest is moderately wounded.
Attack whom?
Press: ? - help, Dir - move target cursor, f - orc priest, p - orc wizard
Aim: an orc priest, wielding a +0 dagger (heavily wounded, very poisoned, slow)
You reach to attack!
You closely miss the orc priest.
The orc priest is heavily wounded.
The orc wizard gestures wildly while chanting.
The orc wizard flickers and vanishes!
Deactivating autopickup; reactivate with Ctrl-A.
You barely miss the orc priest.
The orc priest is heavily wounded.
The orc priest invokes the aid of Beogh against you.
Pain shoots through your body!
You die...

##### ♣♣♣ #######...♣♣ ♣♣♣)♣♣♣
♣#### ...........♣♣ ♣♣..(o.♣♣
♣.....
#####.......♣♣♣.@o....♣♣♣....o.
#...≈≈≈...♣...≈≈≈...♣...≈≈≈.
###..≈≈≈≈≈.....≈≈≈≈≈..(..≈≈≈≈≈
#....≈≈♣≈≈.....≈≈_≈≈.....≈≈♣≈≈
##....≈≈≈≈≈.....≈≈≈≈≈.....≈≈≈≈≈
##.....≈≈≈...♣...≈≈≈...♣...≈≈≈.
............♣♣♣.......♣♣♣......
.........).♣♣ ♣♣.....♣♣ ♣.....
..........♣♣ ♣♣♣.♣♣♣ ♣####


You could see an orc priest (very poisoned, slow) and an orc wizard.

Vanquished Creatures
  Grinder (D:3)
  Eustachio (D:5)
  A sky beast (D:5)
  A howler monkey (D:4)
  A centaur zombie (D:5)
  Crazy Yiuf (D:4)
  2 orc priests (D:5)
  A hound (D:4)
  2 orc wizards
  6 worker ants
  8 adders
  7 gnolls
  An adder skeleton (D:4)
  2 worms
  A dart slug (D:2)
  4 orcs (D:5)
  8 giant cockroaches
  7 hobgoblins
  4 jackals (D:4)
  A quokka (D:2)
  10 bats
  2 frilled lizards (D:2)
  5 goblins
  8 kobolds
  A quokka skeleton (D:4)
  7 rats
  A plant (D:5)
94 creatures vanquished.

Notes
Turn   | Place    | Note
-------+----------+-------------------------------------------
     0 | D:1      | Amnesiac the Deep Elf Gladiator began the quest for the
                  | Orb.
     0 | D:1      | Reached XP level 1. HP: 12/12 MP: 3/3
   464 | D:1      | Reached XP level 2. HP: 16/16 MP: 4/4
   975 | D:2      | Reached skill level 1 in Armour
   975 | D:2      | Reached XP level 3. HP: 20/20 MP: 5/5
   994 | D:2      | Found a faded altar of an unknown god.
  1204 | D:2      | Reached skill level 4 in Staves
  1237 | D:2      | Found a glowing golden altar of the Shining One.
  1405 | D:2      | Reached XP level 4. HP: 12/25 MP: 6/6
  1939 | D:3      | Found a shimmering altar of Xom.
  1997 | D:3      | Found a sparkling altar of Nemelex Xobeh.
  2306 | D:2      | You fall into a shaft and drop 2 floors!
  2347 | D:4      | Reached skill level 1 in Evocations
  2347 | D:4      | Reached XP level 5. HP: 30/30 MP: 7/7
  2477 | D:3      | Noticed Grinder
  2527 | D:4      | Reached skill level 5 in Staves
  2755 | D:4      | Found a runed translucent gate.
  2755 | D:4      | Noticed a troll
  2761 | D:4      | Found a runed translucent gate.
  2761 | D:4      | Noticed tilp's ghost (novice KoAM)
  2773 | D:4      | Found a runed translucent gate.
  3522 | D:3      | Reached XP level 6. HP: 35/35 MP: 9/9
  3533 | D:3      | You fall into a shaft and drop 2 floors!
  3533 | D:5      | Identified a paperback manual
  3533 | D:5      | Entered Level 5 of the Dungeon
  3557 | D:5      | Found Jeikyg's General Store.
  3571 | D:5      | Bought a scroll of enchant weapon for 97 gold pieces
  3571 | D:5      | Bought a scroll of enchant armour for 97 gold pieces
  3571 | D:5      | Bought a scroll of identify for 26 gold pieces
  4001 | D:4      | Found a runed translucent door.
  4002 | D:4      | Noticed Crazy Yiuf
  4147 | D:4      | Paralysed by Grinder for 3 turns
  4202 | D:4      | Paralysed by Grinder for 6 turns
  4211 | D:4      | Paralysed by Grinder for 7 turns
  4229 | D:3      | Killed Grinder
  4417 | D:3      | Reached XP level 7. HP: 37/40 MP: 9/11
  4774 | D:4      | Killed Crazy Yiuf
  4774 | D:4      | Reached skill level 6 in Staves
  5190 | D:5      | Found a hazy altar of Hepliaklqana.
  5222 | D:5      | Found a shadowy altar of Dithmenos.
  5222 | D:5      | Found a hide-covered altar of Uskayaw.
  5259 | D:5      | Found a white marble altar of Elyvilon.
  5491 | D:5      | Noticed Eustachio
  5510 | D:5      | Killed Eustachio
  5510 | D:5      | Reached skill level 7 in Staves
  5510 | D:5      | Reached XP level 8. HP: 8/46 MP: 12/12
  5514 | D:5      | Killed from afar by an orc priest

Illustrated notes

Levels and vault maps discovered:
D:1:      elethiomel_arrival_shortcut, layout_loops_ring
D:2:      layout_loops_ring, marbit_many_paths,
          chequers_ecumenical_altar_simple_redux, minmay_tetromino_o4
D:3:      layout_basic, lemuel_doored_altar, first_ration, nemelex_altar_shiori,
          uniq_grinder
D:4:      layout_basic, gammafunk_ghost_split, kennysheep_generic_room_4,
          uniq_crazy_yiuf_cottage
D:5:      layout_rooms, gammafunk_temple_overflow_forgotten, elyvilon_altar_3,
          serial_shops, shop, uniq_eustachio

Skill      XL: |  1  2  3  4  5  6  7 |
---------------+----------------------+-----
Armour         | 1 2 3 |  3.5
Staves         | 4 5 7 |  7.1
Evocations     | 1 2 3 |  3.0
Fighting       | 2 3 |  3.5
Throwing       | |  2.0
Dodging        | |  3.6

Action                   |  1- 3 |  4- 6 |  7- 9 || total
-------------------------+-------+-------+-------++-------
Melee: Quarterstaff      |    66 |   129 |       ||   195
       Spear             |       |     6 |   121 ||   127
Throw: Stone             |    59 |     4 |       ||    63
       Throwing net      |     3 |     3 |       ||     6
       Dart              |       |    46 |    22 ||    68
  Use: Potion            |       |     5 |     2 ||     7
       Scroll            |       |     4 |       ||     4
 Stab: Held in net/web   |     2 |       |       ||     2
  Eat: Chunk             |     1 |     7 |     3 ||    11
       Ration            |       |     1 |       ||     1
Armor: Ring mail         |    18 |    42 |    26 ||    86
       Leather armour    |     1 |       |       ||     1
Dodge: Dodged            |    36 |   104 |    48 ||   188

Table legend:
 A = Non-vault XP
 B = Vault XP
 C = Vault XP percentage of total XP
 D = Non-vault monster count
 E = Vault monster count
 F = Vault count percentage of total count
                 A         B        C        D         E       F
            +---------+---------+-------+---------+---------+-------
      Total |     957 |     524 |  35.4 |      87 |       6 |   6.5
            +---------+---------+-------+---------+---------+-------
        D:1 |      22 |       0 |   0.0 |      14 |       0 |   0.0
        D:2 |     131 |       4 |   3.0 |      29 |       3 |   9.4
        D:3 |      92 |     267 |  74.4 |      12 |       1 |   7.7
        D:4 |     223 |      42 |  15.8 |      14 |       1 |   6.7
        D:5 |     489 |     211 |  30.1 |      18 |       1 |   5.3
            +---------+---------+-------+---------+---------+-------
